 Dungeon Crawl Stone Soup version 0.31-a0-161-gb58dd9be76 (webtiles) character file.

Game seed: 9543034840561809495

14 Moral the Ruffian (level 2, 0/23 HPs)
             Began as a Draconian Transmuter on June 13, 2023.
             Was an Initiate of Zin (penitent).
             Succumbed to their own poison gas
             ... on level 2 of the Dungeon.
             The game lasted 00:04:04 (697 turns).

Moral the Ruffian (Draconian Transmuter)             Turns: 697, Time: 00:04:05

Health: 0/23       AC:  4    Str: 12    XL:     2   Next: 27%
Magic:  5/5        EV: 12    Int: 13    God:    Zin [......]
Gold:   37         SH:  0    Dex: 11    Spells: 4/5 levels left

rFire   . .          .
                       - Unarmed
rCold   . . .        (no shield)
rNeg    . . .        (body armour unavailable)
rPois   .            (helmet restricted)
rElec   .            (no cloak)
rCorr   .            (no gloves)
SInv    .            (no boots)
Will    .....        (no amulet)
Stlth   +            (no ring)
HPRegen 0.23/turn    (no ring)
MPRegen 0.09/turn

%: no passive effects
@: lethally poisoned (0 -> -31)
A: AC +4, unfitting armour, cold-blooded
a: Renounce Religion, Donate Gold


You were on level 2 of the Dungeon.
You worshipped Zin.
Zin was demanding penance.
You visited 1 branch of the dungeon, and saw 2 of its levels.

You collected 41 gold pieces.
You donated 4 gold pieces to Zin.

Inventory:

Scrolls
 d - a scroll of teleportation {unknown}
Potions
 a - a potion of lignification
 b - a potion of heal wounds {unknown}
 e - 2 potions of might {unknown}


   Skills:
 - Level 1.1 Fighting
 - Level 1.7 Dodging
 * Level 3.2 Unarmed Combat
 * Level 2.3 Spellcasting
 * Level 2.3 Transmutations


You had 4 spell levels left.
You knew the following spells:

 Your Spells              Type           Power      Damage    Failure   Level
a - Beastly Appendage     Tmut           14%        N/A       10%         1

Your spell library contained the following spells:

 Spells                   Type           Power      Damage    Failure   Level
 Wereblood                Tmut           7%         N/A       14%         2
 Spider Form              Tmut/Pois      4%         N/A       41%         3
 Ice Form                 Ice/Tmut       4%         N/A       83%         4


Dungeon Overview and Level Annotations

Branches:
Dungeon (2/15)

Altars:
Zin


Innate Abilities, Weirdness & Mutations

Your plain brown scales are hard. (AC +4)
You cannot fit into any form of body armour.
You are cold-blooded and may be slowed by cold attacks.


Message History

[the floor.]
Casting: Beastly Appendage (safe; 10% risk of failure)
Confirm with . or Enter, or press ? or * to list all spells.
You don't know that spell.
Casting: Beastly Appendage (safe; 10% risk of failure)
Confirm with . or Enter, or press ? or * to list all spells.
Casting this spell will place you under penance.
Really cast?
You miscast Beastly Appendage.
You are very lightly contaminated with residual magic.
Nothing appears to happen.
You feel yourself speed up.
The endoplasm hits you but does no damage.
The endoplasm freezes you.
You are frozen.
You hit the endoplasm but do no damage.
The endoplasm hits you but does no damage.
You hit the endoplasm.
The endoplasm is severely wounded.
The endoplasm freezes you.
You are frozen.
Unknown command.
You hit the endoplasm.
You kill the endoplasm!
Your magical contamination has completely faded away.
Welcome back, Moral the Draconian Transmuter.
Zin castigates you for your disobedience of the Law.
Press ? for a list of commands and other information.
Found a stone staircase leading down.
Okay, then.
The air fills with toxic fumes!
As you read the scroll labelled ZUPURUOHYSH, it crumbles to dust.
It was a scroll of poison.
Really walk into that cloud of poison gas? [Y]es or [N]o only, please.
Really walk into that cloud of poison gas?
You are engulfed in poison gas.
You are poisoned.
You feel very sick.
You are engulfed in poison gas.
You are more poisoned.
You die...

#............#
#......[.....#
####............#
...§§§§.###+#####
...§§§§§# #§#########
...§§§§§###§§§§§§....
...§§§§§§§§§§§§§.#
#..§§§§§§§§§§§##..#
#.####§§§@§§§####§..#
#.#§§§§§§§§§§§§§§§. #
#.##§§§§.§§§##### #
######§#§# #§#.#
.§§.. #§#§## #§#§# §#
#


There were no monsters in sight!

Vanquished Creatures
  2 endoplasms
  2 goblins (D:1)
  A hobgoblin (D:2)
  A kobold (D:1)
  A quokka (D:2)
  2 bats (D:1)
  2 frilled lizards
  2 rats (D:1)
13 creatures vanquished.

Notes
Turn   | Place    | Note
-------+----------+-------------------------------------------
     0 | D:1      | Moral the Draconian Transmuter began the quest for the Orb.
     0 | D:1      | Reached XP level 1. HP: 16/16 MP: 3/3
    41 | D:1      | Found a faded altar of an unknown god.
   358 | D:1      | Reached XP level 2. HP: 22/23 MP: 3/5
   551 | D:1      | Prayed at the altar of an unknown god.
   551 | D:1      | Became a worshipper of Zin the Law-Giver
   551 | D:1      | Reached * piety under Zin
   575 | D:2      | Was placed under penance by Zin
   697 | D:2      | Succumbed to their own poison gas

Illustrated notes

Levels and vault maps discovered:
D:1:      denvon_arrival_planthouse, layout_basic, shapermc_ecumenical_altar_gd,
          grunt_decor_mini_mirrors
D:2:      layout_basic, serial_shops, shop

Action                     || total
---------------------------++-------
  Melee: Unarmed           ||    34
         Kick              ||     5
         Tailslap          ||     2
         Headbutt          ||     1
   Cast: Beastly Appendage ||     8
    Use: Scroll            ||     1
 Armour: Skin              ||    11
  Dodge: Dodged            ||    17

Table legend: (Time is in decaauts)
 A = Elapsed time spent in this place.
 B = Non-inter-level travel time spent in this place.
 C = Inter-level travel time spent in this place.
 D = Time resting spent in this place.
 E = Time spent auto-exploring this place.
 F = Levels seen in this place.
 G = Mean time per level.
                   A        B        C        D        E       F      G
               +--------+--------+--------+--------+--------+-----+--------+
         Total |    697 |    697 |      0 |      0 |    556 |   2 |  348.5 |
       Dungeon |    697 |    697 |      0 |      0 |    556 |   2 |  348.5 |
               +--------+--------+--------+--------+--------+-----+--------+

Top non-repeatable levels by time:
     D:1: 570 daAuts
     D:2: 126 daAuts
